 Dungeon Crawl Stone Soup version 0.13.0-6-g40e4d2d (webtiles) character file.

21069 Leibowitz the Impaler (level 12, 0/144 HPs)
             Began as a Merfolk Berserker on Oct 15, 2013.
             Was the Champion of Trog.
             Slain by a minotaur
             ... wielding a +1,+2 orcish great sword of flaming
              (8 damage)
             ... in a volcano.
             The game lasted 01:04:29 (14537 turns).

Leibowitz the Impaler (Merfolk Berserker)          Turns: 14537, Time: 01:04:29

HP   0/144       AC  7     Str 23      XL: 12   Next: 79%
MP  15/15        EV 24     Int  8      God: Trog [******]
Gold 638         SH  0     Dex 17      Spells:  0 memorised, 11 levels left

Res.Fire  : + . .   See Invis. : .   F - +7,+12 bardiche "Shreoba" {vamp, Int+1}
Res.Cold  : . . .   Warding    : .   c - +2 robe of the Cast Vote {rF+ rN+ MR++}
Life Prot.: + + .   Conserve   : .   (no shield)
Res.Poison: +       Res.Corr.  : .   (no helmet)
Res.Elec. : .       Clarity    : .   I - +0 cloak
Sust.Abil.: . .     Spirit.Shd : .   v - +0 pair of gauntlets
Res.Mut.  : .       Stasis     : .   (no boots)
Res.Rott. : .       Flight     : .   (no amulet)
Saprovore : . . .                    w - ring of positive energy
                                     C - ring of poison resistance

@: berserking, very quick, very resistant to hostile enchantments, extremely
unstealthy
A: change form in water, swift swim, AC +1
a: Burn Spellbooks, Berserk, Trog's Hand, Brothers in Arms, Renounce Religion


You were in a volcano.
You worshipped Trog.
Trog was exalted by your worship.
You were hungry.

You visited 3 branches of the dungeon, and saw 15 of its levels.
You also visited: Volcano.

You collected 783 gold pieces.
You spent 165 gold pieces at shops.

Inventory:

Hand weapons
 a - a +3,+4 anti-magic demon trident
 b - a +0 blowgun
 q - a +4,+2 anti-magic halberd
 r - a +1,+1 halberd of dragon slaying
 F - the +7,+12 bardiche "Shreoba" (weapon) {vamp, Int+1}
   (Trog gifted it to you on level 1 of the Lair of Beasts)

   It inflicts no extra harm, but heals its wielder somewhat when it strikes a
   living foe.
   It affects your intelligence (+1).
Missiles
 o - 16 poisoned needles
 s - a throwing net (quivered)
 D - 7 needles of paralysis
Armour
 c - the +2 robe of the Cast Vote (worn) {rF+ rN+ MR++}
   (You bought it in a shop on level 5 of the Dungeon)

   It protects you from fire.
   It protects you from negative energy.
   It affects your resistance to hostile enchantments.
 v - a +0 pair of gauntlets (worn)
 I - a +0 cloak (worn)
Magical devices
 d - a wand of lightning (7) {unknown}
 i - a wand of disintegration (7)
 j - a wand of enslavement (14)
 k - a wand of confusion (3)
 l - a wand of cold (9)
 m - a wand of fire (0)
 u - a wand of fire (7)
 y - a wand of hasting (3)
 B - a wand of paralysis (19)
 J - a wand of lightning (7) {unknown}
Comestibles
 H - 2 meat rations
Jewellery
 w - a ring of positive energy (right hand)
 C - a ring of poison resistance (left hand)
Potions
 f - 3 potions of heal wounds
 g - a potion of restore abilities
 h - 2 potions of curing
 x - 3 potions of resistance
 z - a potion of might
Books
 A - a book of Hinderance

   Spells                             Type                      Level
   Confusing Touch                    Hexes                        1
   Slow                               Hexes                        2
   Confuse                            Hexes                        3
   Petrify                            Transmutation/Earth          4
   Leda's Liquefaction                Hexes/Earth                  4
   Metabolic Englaciation             Hexes/Ice                    6
   Trog disapproves of the use of such an item.
 E - a book of Control

   Spells                             Type                      Level
   Control Teleport                   Charms/Translocation         4
   Control Undead                     Necromancy                   4
   Enslavement                        Hexes                        4
   Mass Confusion                     Hexes                        6
   Metabolic Englaciation             Hexes/Ice                    6
   Trog disapproves of the use of such an item.


   Skills:
 * Level 11.9 Fighting
 + Level 16.9 Polearms
 - Level 1.3 Armour
 * Level 15.4 Dodging
 + Level 3.9 Stealth
 + Level 2.1 Evocations


You had 11 spell levels left.
You didn't know any spells.

Dungeon Overview and Level Annotations

Branches:
Dungeon (11/27)            Temple (1/1) D:5             Orc (0/4) D:10
   Lair (3/8) D:11
  Swamp: Lair:3-6    Shoals: Lair:3-6     Snake: Lair:3-6    Spider: Lair:3-6

Altars:
Ashenzari
Cheibriados
Elyvilon
Kikubaaqudgha
Makhleb
Nemelex Xobeh
Okawaru
Sif Muna
Trog
Vehumet
Xom
Yredelemnul
Zin
the Shining One
Lugonu

Shops:
D:5 [?   D:10 (


Innate Abilities, Weirdness & Mutations

You revert to your normal form in water.
You are very nimble and swift while swimming.
You are partially covered in icy blue scales (AC +1).


Message History

A red film seems to cover your vision as you go berserk!
You feel yourself moving faster!
You feel mighty!
You are feeling hungry.
The minotaur closely misses you. The minotaur gores you.
* * * LOW HITPOINT WARNING * * *
You slash the minotaur!
The minotaur is lightly wounded.
You slice the minotaur!!
You feel better.
The minotaur is heavily wounded.
The minotaur hits you with an orcish great sword of flaming!
* * * LOW HITPOINT WARNING * * *
The minotaur burns you.
* * * LOW HITPOINT WARNING * * *
The minotaur misses you.
You slice the minotaur!!
You feel better.
The minotaur is almost dead.
The minotaur hits you with an orcish great sword of flaming!
* * * LOW HITPOINT WARNING * * *
The minotaur burns you!
You die...

≈§§§§§≈≈≈≈≈≈≈≈§§≈§§§§§≈≈§≈≈≈≈
...≈§.§≈.......§§.§......§
§≈≈≈§§≈.########+#######
≈≈§≈≈§≈§# #.# ≈§§§≈≈≈.# #.#
≈≈§§≈≈§.# #.# ≈≈≈§≈≈≈.# #.#
§§§§§§≈§# #.# ≈§§§§≈§§# #@#
§≈≈≈ # #H# § ... .8_8.
+.....+ ####### §


You could see a minotaur.

Vanquished Creatures
  A hydra (Lair:2)
  Erolcha (D:11)
  Pikel (D:9)
  3 hill giants
  7 spiny frogs
  A queen ant (D:10)
  A fire drake (Lair:3)
  Psyche (D:8)
  A black mamba (Lair:2)
  3 komodo dragons
  Prince Ribbit (D:8)
  A basilisk (Lair:2)
  3 wraiths
  A shark (D:11)
  12 yaks
  An elephant slug (Lair:3)
  A water elemental (D:11)
  Eustachio (D:6)
  The ghost of obsidien the Ducker, an average DsGl (D:4)
  A hippogriff (D:10)
  A mottled dragon (D:10)
  A manticore (D:10)
  4 soldier ants (D:10)
  5 necrophages
  2 sky beasts
  6 orc warriors
  4 porcupines
  A yellow wasp (D:8)
  7 ogres
  2 dwarves (D:7)
  3 ice beasts
  2 phantoms
  2 black bears
  A giant goldfish (D:11)
  5 centaurs
  Sigmund (D:2)
  4 crocodiles
  8 giant frogs
  2 giant slugs
  3 water moccasins (Lair:2)
  5 agate snails
  An eye of draining (D:11)
  2 gnoll sergeants
  3 jellyfish
  5 wights (D:6)
  2 killer bees (D:9)
  2 electric eels (D:11)
  A lava fish (Volcano)
  A jelly (D:6)
  7 crimson imps
  3 goliath beetles
  5 big fish
  A giant frog skeleton (D:10)
  An iron imp (D:6)
  6 orc priests
  A soldier ant zombie (D:10)
  9 hounds
  4 iguanas
  11 orc wizards
  4 scorpions
  31 worker ants
  4 sheep (Lair:2)
  5 human zombies (D:8)
  An ogre skeleton (D:9)
  A mummy (D:6)
  12 gnolls
  14 adders
  26 green rats
  A giant mite (D:7)
  4 giant centipedes
  A human skeleton (D:8)
  A shadow imp (D:6)
  3 worms
  An iguana zombie (D:11)
  A scorpion zombie (D:7)
  4 giant eyeballs
  5 giant geckos
  44 orcs
  15 bats
  5 giant cockroaches
  11 hobgoblins
  8 jackals
  19 kobolds
  2 oozes
  8 quokkas
  A ball python (D:5)
  7 giant newts
  A giant spore (D:9)
  16 goblins
  2 orc skeletons
  An orc zombie (D:8)
  A quokka zombie (D:5)
  12 rats
  A rat zombie (D:6)
  2 ballistomycetes (D:9)
452 creatures vanquished.

Vanquished Creatures (collateral kills)
  3 yaks (Lair:3)
  2 green rats (Lair:3)
5 creatures vanquished.

Vanquished Creatures (others)
  2 killer bees (D:9)
  2 slaves (D:9)
  A big kobold (D:9)
  A crimson imp (D:9)
  A jelly (D:9)
  2 kobolds (D:9)
9 creatures vanquished.

Grand Total: 466 creatures vanquished

Notes
Turn   | Place    | Note
--------------------------------------------------------------
     0 | D:1      | Leibowitz, the Merfolk Berserker, began the quest for the Orb.
     0 | D:1      | Reached XP level 1. HP: 18/18 MP: 0/0
   178 | D:1      | Reached XP level 2. HP: 24/24 MP: 1/1
   502 | D:1      | Acquired Trog's second power
   746 | D:2      | Reached XP level 3. HP: 25/30 MP: 2/2
   833 | D:2      | Noticed Sigmund
   840 | D:2      | Killed Sigmund
   840 | D:2      | Reached skill level 5 in Polearms
   840 | D:2      | Reached XP level 4. HP: 34/37 MP: 3/3
  1040 | D:2      | Reached XP level 5. HP: 39/42 MP: 4/4
  1360 | D:2      | Reached skill level 5 in Dodging
  1692 | D:3      | Found a shattered altar of Ashenzari.
  2250 | D:3      | Reached skill level 6 in Polearms
  2340 | D:3      | Found a glowing silver altar of Zin.
  2508 | D:3      | Reached XP level 6. HP: 49/49 MP: 5/5
  2753 | D:4      | Noticed obsidien's ghost (average DsGl)
  2759 | D:4      | Killed obsidien's ghost
  2759 | D:4      | Reached skill level 5 in Fighting
  2759 | D:4      | Reached skill level 7 in Polearms
  2759 | D:4      | Reached XP level 7. HP: 46/55 MP: 6/6
  2771 | D:4      | Paralysed by a giant eyeball for 3 turns
  3539 | D:4      | Reached skill level 8 in Polearms
  3661 | D:5      | Entered Level 5 of the Dungeon
  3668 | D:5      | Found Qeni's Antique Armour Shop.
  3685 | D:5      | Acquired Trog's third power
  3706 | D:5      | Bought a faintly glowing robe for 165 gold pieces
  3712 | D:5      | Identified the +2 robe of the Cast Vote {rF+ rN+ MR++} (You bought it in a shop on level 5 of the Dungeon)
  3998 | D:5      | Found Bouduru's Magic Scroll Shoppe.
  4101 | D:5      | Reached XP level 8. HP: 60/62 MP: 7/7
  4151 | D:5      | Reached skill level 9 in Polearms
  4437 | D:5      | Found a staircase to the Ecumenical Temple.
  4479 | Temple   | Entered the Ecumenical Temple
  4991 | D:6      | Found a glowing golden altar of the Shining One.
  4992 | D:6      | Found a deep blue altar of Sif Muna.
  5052 | D:6      | Reached skill level 10 in Polearms
  5393 | D:6      | Noticed Eustachio
  5405 | D:6      | Killed Eustachio
  5505 | D:6      | Reached skill level 11 in Polearms
  5706 | D:6      | Reached XP level 9. HP: 66/68 MP: 8/8
  6110 | D:7      | Reached skill level 12 in Polearms
  6589 | D:7      | Found an iron altar of Okawaru.
  6598 | D:7      | Reached skill level 10 in Dodging
  6598 | D:7      | Reached skill level 1 in Evocations
  7116 | D:7      | Received a gift from Trog
  7549 | D:7      | Found a white marble altar of Elyvilon.
  7977 | D:8      | Found a radiant altar of Vehumet.
  7985 | D:8      | Noticed Psyche
  7992 | D:8      | Killed Psyche
  7992 | D:8      | Reached XP level 10. HP: 71/77 MP: 3/10
  8021 | D:8      | Reached skill level 13 in Polearms
  8054 | D:8      | Gained mutation: You are partially covered in icy blue scales (AC +1). [potion of mutation]
  8802 | D:8      | Found a basalt altar of Yredelemnul.
  8917 | D:8      | Noticed Prince Ribbit
  8929 | D:8      | Killed Prince Ribbit
  9344 | D:9      | Received a gift from Trog
  9363 | D:9      | Noticed Pikel
  9375 | D:9      | Killed Pikel
  9375 | D:9      | Reached skill level 14 in Polearms
  9375 | D:9      | Reached skill level 1 in Stealth
  9435 | D:9      | Noticed a hill giant
  9454 | D:9      | Killed a hill giant
  9806 | D:9      | Reached XP level 11. HP: 73/85 MP: 4/12
  9848 | D:10     | Entered Level 10 of the Dungeon
  9980 | D:10     | Paralysed by a potion of paralysis for 5 turns
 10076 | D:10     | Found a staircase to the Orcish Mines.
 10086 | D:10     | Noticed a hill giant
 10260 | D:10     | Found Gho Pnaf's Weapon Shoppe.
 10326 | D:10     | Noticed a hill giant
 10352 | D:10     | Killed a hill giant
 10388 | D:10     | Killed a hill giant
 10388 | D:10     | Reached skill level 10 in Fighting
 10396 | D:10     | Reached skill level 15 in Polearms
 10822 | D:10     | Received a gift from Trog
 11150 | D:11     | Paralysed by a giant eyeball for 3 turns
 11463 | D:11     | Noticed Erolcha
 11481 | D:11     | Killed Erolcha
 11828 | D:11     | Found a staircase to the Lair.
 11836 | Lair:1   | Entered Level 1 of the Lair of Beasts
 12085 | Lair:1   | Reached XP level 12. HP: 81/95 MP: 5/15
 12229 | Lair:1   | Received a gift from Trog
 12233 | Lair:1   | Got a crude bardiche {god gift}
 12239 | Lair:1   | Identified the bardiche "Shreoba" {god gift, vamp, Int+1} (Trog gifted it to you on level 1 of the Lair of Beasts)
 12430 | Lair:1   | Found a snail-covered altar of Cheibriados.
 12684 | Lair:1   | Reached skill level 16 in Polearms
 12779 | Lair:1   | Identified a scroll of acquirement
 13363 | Lair:2   | Noticed a six-headed hydra
 13373 | Lair:2   | Received a gift from Trog
 13377 | Lair:2   | Killed an eight-headed hydra
 14027 | Lair:2   | Reached skill level 15 in Dodging
 14291 | Lair:3   | Received a gift from Trog
 14323 | Lair:3   | Found a dark tunnel.
 14332 | Volcano  | Entered a volcano
 14531 | Volcano  | Found a radiant altar of Vehumet.
 14531 | Volcano  | Noticed a minotaur
 14537 | Volcano  | Slain by a minotaur

Action                   |  1- 3 |  4- 6 |  7- 9 | 10-12 || total
-------------------------+-------+-------+-------+-------++-------
Melee: Spear             |    84 |    27 |    54 |       ||   165
       Scythe            |       |    83 |       |       ||    83
       Trident           |       |       |   414 |       ||   414
       Glaive            |       |       |     3 |       ||     3
       Demon trident     |       |       |    94 |   594 ||   688
       Bardiche          |       |       |       |   234 ||   234
 Fire: Blowgun           |       |       |     8 |       ||     8
Invok: Berserk           |     1 |     1 |     3 |     3 ||     8
       Trog's Hand       |       |     4 |     1 |       ||     5
       Burn Spellbooks   |       |       |     2 |     1 ||     3
       Brothers in Arms  |       |       |       |     1 ||     1
Evoke: Wand              |       |     5 |     8 |    11 ||    24
  Use: Potion            |       |     2 |     5 |     6 ||    13
       Scroll            |       |       |     9 |    12 ||    21
 Stab: Sleeping          |     1 |     1 |     3 |    12 ||    17
       Distracted        |       |       |     1 |     1 ||     2
